 Dungeon Crawl Stone Soup version 0.27-a0-1612-gde56a17b89 (webtiles) character file.

Game seed: 7007365070539305142

2308 lunkers the Covert (level 9, -1/65 HPs)
             Began as a Vampire Delver on July 20, 2021.
             Was a Follower of Uskayaw.
             Slain by a centaur warrior (3 damage)
             ... on level 8 of the Dungeon on July 21, 2021.
             The game lasted 00:16:35 (5530 turns).

lunkers the Covert (Vampire Delver)                 Turns: 5530, Time: 00:16:36

Health: -1/65      AC:  7    Str: 11    XL:     9   Next: 18%
Magic:  10/10      EV: 13    Int: 13    God:    Uskayaw [*.....]
Gold:   479        SH:  0    Dex: 18    Spells: 8/8 levels left

rFire    . . .     SeeInvis +   a - +4 dagger (venom)
rCold    . . .     Faith    .   (no shield)
rNeg     . . .     Spirit   .   b - +0 leather armour
rPois    +         Reflect  .   C - +2 hat
rElec    .         Harm     .   (no cloak)
rCorr    .         Rampage  .   u - +1 pair of gloves
Will     +....                  (no boots)
Stlth    +++++.....             (no amulet)
HPRegen  0.40/turn              l - ring of poison resistance
MPRegen  0.12/turn              t - ring of willpower

@: healing quickly, hasted, very quick
A: alive, fangs 3, see invisible, vampiric 2
a: Exsanguinate, Renounce Religion, Stomp


You were on level 8 of the Dungeon.
You worshipped Uskayaw.
Uskayaw was noncommittal.
You visited 1 branch of the dungeon, and saw 7 of its levels.
You also visited: Ossuary.

You collected 479 gold pieces.

Inventory:

Hand Weapons
 a - a +4 dagger of venom (weapon)
 q - a +0 dagger of venom
 r - a +0 short sword of draining
 z - a +0 short sword
Missiles
 j - 20 poisoned darts (quivered)
Armour
 b - a +0 leather armour (worn)
 u - a +1 pair of gloves (worn)
 C - a +2 hat (worn)
Jewellery
 l - a ring of poison resistance (left hand)
 t - a ring of willpower (right hand)
 v - a ring of fire
Wands
 g - a wand of digging (3)
 B - a wand of flame (23)
Scrolls
 c - 2 scrolls of fog
 d - 3 scrolls of magic mapping
 e - 2 scrolls of fear
 h - a scroll of immolation {unknown}
 i - 3 scrolls of enchant weapon {unknown}
 m - a scroll of noise {unknown}
 p - 4 scrolls of enchant armour {unknown}
 y - a scroll of identify {unknown}
 A - a scroll of blinking {unknown}
 F - 2 scrolls of teleportation {unknown}
Potions
 f - 3 potions of haste
 k - 4 potions of curing {unknown}
 n - a potion of brilliance {unknown}
 o - a potion of degeneration {unknown}
 s - a potion of lignification {unknown}
 w - 2 potions of might {unknown}
 x - a potion of flight {unknown}
 E - 2 potions of berserk rage {unknown}
 G - a potion of magic {unknown}


   Skills:
 + Level 4.1 Fighting
 - Level 10.0 Short Blades
 + Level 4.1 Dodging
 + Level 12.2 Stealth
 + Level 1.6 Invocations


You had 8 spell levels left.
You didn't know any spells.
Your spell library contained the following spells:

 Spells                   Type           Power      Damage    Failure   Level
 Freeze                   Ice            0%         1d3       38%         1
 Frozen Ramparts          Ice            0%         1d2       77%         3
 Ozocubu's Armour         Ice            0%         N/A       77%         3
 Hailstorm                Conj/Ice       0%         3d3       99%         4
 Ozocubu's Refrigeration  Ice            0%         4d5       100%        7


Dungeon Overview and Level Annotations

Branches:
Dungeon (6/15)             Temple (0/1) D:6         Ossuary (visited)

Altars:
Gozag
Uskayaw

Annotations:
D:5 3 runed translucent doors, indyram44's ghost, novice GnMo
D:6 2 transporters, Nausicaa's ghost, novice TrMo


Innate Abilities, Weirdness & Mutations

Your natural rate of healing is accelerated.
You have razor-sharp teeth.
You have supernaturally acute eyesight. (SInv)
You are afflicted with vampirism and can become a bat while bloodless.


Message History

You hit the centaur warrior.
The centaur warrior is poisoned.
The centaur warrior is lightly wounded.
The centaur warrior closely misses you. The centaur warrior barely misses you.
You hit the centaur warrior but do no damage.
The centaur warrior looks as sick as possible!
The centaur warrior is lightly wounded.
You closely miss the centaur warrior. You bite the centaur warrior.
The centaur warrior is lightly wounded.
The centaur warrior hits you.
* * * LOW HITPOINT WARNING * * *
The centaur warrior barely misses you.
You hit the centaur warrior but do no damage.
The centaur warrior looks as sick as possible!
You bite the centaur warrior.
The centaur warrior is lightly wounded.
You barely miss the centaur warrior.
The centaur warrior is lightly wounded.
The centaur warrior hits you!
* * * LOW HITPOINT WARNING * * *
The centaur warrior kicks you.
* * * LOW HITPOINT WARNING * * *
You closely miss the centaur warrior.
The centaur warrior is moderately wounded.
You hit the centaur warrior.
The centaur warrior is moderately wounded.
The centaur warrior hits you!
* * * LOW HITPOINT WARNING * * *
The centaur warrior kicks you but does no damage.
Unknown command.
You hit the centaur warrior but do no damage.
The centaur warrior looks as sick as possible!
You bite the centaur warrior, but do no damage.
The centaur warrior is moderately wounded.
Unknown command.
You hit the centaur warrior.
The centaur warrior looks as sick as possible!
You bite the centaur warrior, but do no damage.
The centaur warrior is moderately wounded.
The centaur warrior hits you.
You die...

##### +# ....
#.## #.## #...##
######..##c....#
#....#..'@..♣..
#..).#.####...#
+.........#...#
#......####.>.#
#......## #...#
#.......###...###
#.......'...♣...+
#......###.....##
#......# ##...##


You could see a centaur warrior (extremely poisoned).

Vanquished Creatures
  A hornet (D:8)
  Sigmund (D:3)
  Edmund (D:6)
  An acid dragon (D:6)
  An orc warrior (D:5)
  A sky beast (D:4)
  2 necrophages
  2 ogres
  3 centaurs
  A wyvern zombie (D:6)
  A scorpion (D:6)
  A bullfrog zombie (D:6)
  A jelly (D:5)
  5 orc priests
  3 hounds
  A centaur skeleton (D:6)
  Jessica (D:3)
  Natasha (thrice) (D:3)
  An iguana (D:5)
  4 orc wizards
  A hound skeleton (D:4)
  8 mummies (Ossuary)
  A gnoll (D:1)
  8 adders
  2 white imps
  A worm (D:2)
  2 dart slugs
  22 orcs
  9 endoplasms
  2 giant cockroaches
  9 goblins
  7 hobgoblins
  4 jackals (D:2)
  3 quokkas
  6 ball pythons
  6 bats
  A frilled lizard (D:3)
  2 gnoll zombies (Ossuary)
  A hobgoblin zombie (Ossuary)
  8 kobolds
  4 kobold zombies (Ossuary)
  An orc zombie (Ossuary)
  4 rats
147 creatures vanquished.

Vanquished Creatures (others)
  A plant (D:1)
1 creature vanquished.

Grand Total: 148 creatures vanquished

Notes
Turn   | Place    | Note
-------+----------+-------------------------------------------
     0 | D:5      | lunkers the Vampire Delver began the quest for the Orb.
     0 | D:5      | Reached XP level 1. HP: 17/17 MP: 1/1
    59 | D:5      | Noticed an orc wizard
    84 | D:5      | Reached XP level 2. HP: 9/23 MP: 2/2
   106 | D:5      | Found a runed translucent gate.
   106 | D:5      | Found a runed translucent gate.
   106 | D:5      | Found a runed translucent gate.
   107 | D:5      | Found an opulent altar of Gozag.
   108 | D:5      | Noticed indyram44's ghost (novice GnMo)
   108 | D:5      | Noticed a scorpion
   108 | D:5      | Noticed an orc warrior
   156 | D:5      | Gained mutation: You are afflicted with vampirism and can
                  | become a bat while bloodless. [Vampire growth]
   156 | D:5      | Reached XP level 3. HP: 28/28 MP: 3/3
   183 | D:5      | Noticed a necrophage
   206 | D:5      | Killed a necrophage
   207 | D:5      | Reached skill level 8 in Stealth
   207 | D:5      | Reached XP level 4. HP: 23/34 MP: 4/4
   257 | D:4      | Reached skill level 5 in Short Blades
   257 | D:4      | Reached XP level 5. HP: 37/39 MP: 5/5
   337 | D:3      | Noticed Jessica
   341 | D:3      | Killed Jessica
   346 | D:3      | Found a hide-covered altar of Uskayaw.
   357 | D:3      | Became a worshipper of Uskayaw the Reveller
   402 | D:3      | Reached * piety under Uskayaw
   434 | D:2      | Reached ** piety under Uskayaw
   525 | D:2      | Reached skill level 9 in Stealth
  1118 | D:1      | Reached XP level 6. HP: 44/45 MP: 6/6
  1395 | D:1      | Found a faded altar of an unknown god.
  2121 | D:3      | Noticed Natasha
  2138 | D:3      | Killed Natasha
  2245 | D:3      | Noticed Sigmund
  2248 | D:3      | Killed Sigmund
  2362 | D:3      | Noticed Natasha
  2392 | D:3      | Killed Natasha
  2548 | D:3      | Noticed Natasha
  2552 | D:3      | Killed Natasha
  2553 | D:3      | Reached XP level 7. HP: 50/51 MP: 7/7
  2905 | D:4      | Reached skill level 10 in Stealth
  2906 | D:4      | Reached *** piety under Uskayaw
  2921 | D:4      | Reached **** piety under Uskayaw
  3773 | D:5      | Reached XP level 8. HP: 57/57 MP: 8/8
  3856 | D:5      | Reached skill level 11 in Stealth
  4146 | D:5      | Upgraded the game from 0.27-a0-1595-g0b823d0a13 to
                  | 0.27-a0-1612-gde56a17b89
  4659 | D:6      | Found a sand-covered staircase.
  4668 | Ossuary  | Entered an ossuary
  5196 | D:6      | Found a transporter.
  5211 | D:6      | Noticed Nausicaa's ghost (novice TrMo)
  5219 | D:6      | Noticed a death knight
  5220 | D:6      | Found a transporter.
  5244 | D:6      | Reached skill level 10 in Short Blades
  5267 | D:6      | Found a staircase to the Ecumenical Temple.
  5425 | D:6      | Noticed Edmund
  5432 | D:6      | Killed Edmund
  5433 | D:6      | Reached skill level 12 in Stealth
  5464 | D:6      | You fall into a shaft and drop 2 floors!
  5466 | D:8      | Reached XP level 9. HP: 65/65 MP: 9/9
  5472 | D:8      | Reached skill level 1 in Invocations
  5503 | D:8      | Noticed a centaur warrior
  5528 | D:8      | HP: 2/65 [centaur warrior (9)]
  5530 | D:8      | Slain by a centaur warrior

Illustrated notes

Levels and vault maps discovered:
D:1:      dpeg_arrival_snail, layout_basic,
          shapermc_ecumenical_altar_hornbeckon, minmay_misc_feat_roman
D:2:      layout_basic
D:3:      layout_basic, nicolae_uskayaw_dance_hall, serial_aquarium,
          aquarium_bridge_island_small [aquarium_subvault_small_water,
          aquarium_subvault_window, aquarium_subvault_wall,
          aquarium_subvault_window, aquarium_subvault_bridge],
          aquarium_bridge_square [aquarium_subvault_balcony,
          aquarium_subvault_wall, aquarium_subvault_bridge,
          aquarium_subvault_bridge], aquarium_window_corridor_2,
          aquarium_window_double, aquarium_window_fake, aquarium_window_corner,
          aquarium_view_2b, aquarium_balcony_1b, aquarium_pool_split,
          uniq_sigmund, uniq_jessica, uniq_natasha
D:4:      layout_cave_pools
D:5:      layout_rooms, ebering_ghost_gozag
D:6:      layout_gridville, minmay_temple_entry_mist, gammafunk_ghost_arena,
          enter_ossuary_1, chequers_jeans, uniq_edmund
D:8:      layout_basic, grunt_ministairs_15

Skill      XL: |  1  2  3  4  5  6  7  8  9 |
---------------+----------------------------+-----
Short Blades   | 3 4 5 7 8 10 | 10.0
Stealth        | 8 9 10 12 | 12.2
Fighting       | 3 4 |  4.1
Dodging        | 3 4 |  4.1
Invocations    | 1 |  1.6

Action                   |  1- 3 |  4- 6 |  7- 9 || total
-------------------------+-------+-------+-------++-------
Melee: Short sword       |    33 |   172 |    83 ||   288
       Bite              |     3 |    22 |    30 ||    55
       Dagger            |       |     7 |   206 ||   213
Throw: Dart              |       |    21 |    31 ||    52
  Use: Potion            |       |       |     4 ||     4
 Stab: Sleeping          |     1 |    22 |    21 ||    44
       Paralysed         |       |       |     4 ||     4
Armor: Leather armour    |     7 |    29 |    44 ||    80
Dodge: Dodged            |    21 |    93 |   107 ||   221

Table legend: (Time is in decaauts)
 A = Elapsed time spent in this place.
 B = Non-inter-level travel time spent in this place.
 C = Inter-level travel time spent in this place.
 D = Time resting spent in this place.
 E = Time spent auto-exploring this place.
 F = Levels seen in this place.
 G = Mean time per level.
                   A        B        C        D        E       F      G
               +--------+--------+--------+--------+--------+-----+--------+
         Total |   5390 |   5018 |    372 |    185 |   3396 |   8 |  673.8 |
       Dungeon |   4994 |   4622 |    372 |     99 |   3223 |   7 |  713.4 |
       Ossuary |    395 |    395 |      0 |     86 |    173 |   1 |  395.0 |
               +--------+--------+--------+--------+--------+-----+--------+

Top non-repeatable levels by time:
     D:3: 1200 daAuts
     D:1: 1148 daAuts
     D:5: 678 daAuts
     D:4: 641 daAuts
     D:6: 640 daAuts
     D:2: 626 daAuts
 Ossuary: 395 daAuts
     D:8: 57 daAuts
